 Dungeon Crawl Stone Soup version 0.21-a0-286-g6fcecc0 (webtiles) character file.

15 4thArraOfDagon the Chiller (level 2, -1/17 HPs)
             Began as an Octopode Ice Elementalist on Sept 25, 2017.
             Killed from afar by an orc wizard (13 damage)
             ... with a puff of flame
             ... on level 2 of the Dungeon.
             The game lasted 00:01:26 (332 turns).

4thArraOfDagon the Chiller (OpIE)                    Turns: 332, Time: 00:01:26

Health: -1/17      AC:  1    Str:  7    XL:     2   Next: 50%
Magic:  3/5        EV: 13    Int: 17    God:
Gold:   18         SH:  0    Dex: 12    Spells: 4/5 levels left

rFire    . . .     SeeInvis .   c - +0 short sword
rCold    . . .     Gourm    .   (no shield)
rNeg     + . .     Faith    .   (helmet restricted)
rPois    .         Spirit   .   (no amulet)
rElec    .         Reflect  .   g - ring of positive energy
rCorr    .         Harm     .   (no ring)
MR       .....                  (no ring)
Stlth    +++.......             (no ring)
HPRegen  0.05/turn              (no ring)
MPRegen  0.09/turn              (no ring)
                                (no ring)
                                (no ring)

@: no status effects
A: almost no armour, stealthy swim, amphibious, 8 rings, constrict 8, camouflage
1, gelatinous body 1
a: no special abilities


You were on level 2 of the Dungeon.
You were not hungry.

You visited 1 branch of the dungeon, and saw 2 of its levels.

You collected 18 gold pieces.

Inventory:

Hand Weapons
 c - a +0 short sword (weapon)
Jewellery
 g - a ring of positive energy (left tentacle)
Scrolls
 d - a scroll of amnesia {unknown}
 e - a scroll of fog {unknown}
 f - a scroll of identify {unknown}
Books
 a - a book of Frost

   Spells                             Type                      Level
   a - Freeze                         Ice                          1
   b - Throw Frost                    Conjuration/Ice              2
   c - Ozocubu's Armour               Charms/Ice                   3
   d - Throw Icicle                   Conjuration/Ice              4
   e - Summon Ice Beast               Ice/Summoning                4
Comestibles
 b - a bread ration


   Skills:
 - Level 2.0 Dodging
 - Level 2.6 Stealth
 - Level 2.1 Spellcasting
   Level 1.0 Conjurations
 * Level 3.7 Ice Magic


You had 4 spell levels left.
You knew the following spells:

 Your Spells              Type           Power        Failure   Level  Hunger
a - Freeze                Ice            ##..         4%          1    #......


Dungeon Overview and Level Annotations

Branches:
Dungeon (2/15)

Altars:


Innate Abilities, Weirdness & Mutations

You cannot wear most types of armour.
You are very stealthy in the water. (Stealth+)
You are amphibious.
You can wear up to eight rings at the same time.
You can use your tentacles to constrict eight enemies at once.
Your skin changes colour to match your surroundings (Stealth+).
Your rubbery body absorbs attacks. (AC +1, EV +1)


Message History

The orc wizard is heavily wounded.
The orc wizard hits you with a dagger.
You barely miss the orc wizard. Your grab misses the orc wizard.
The orc wizard is heavily wounded.
The orc wizard hits you with a dagger.
You hit the orc wizard. You grab the orc wizard.
The orc wizard is heavily wounded.
You constrict the orc wizard. The orc wizard barely misses you.
Casting: Freeze
Confirm with . or Enter, or press ? or * to list all spells.
Aiming: Freeze
Press: ? - help, Shift-Dir - straight line, f/p - orc wizard
Aim: an orc wizard, wielding a dagger and wearing a robe (severely wounded, constricted by you)
You freeze the orc wizard.
The orc wizard is almost dead.
You constrict the orc wizard.
The orc wizard gestures at you while chanting.
The puff of flame hits you!
Ouch! That really hurt!
You die...

#.# #..... #o# .#
...#
#.###.###.#####..#
#.##..........<..#
#.##.(###.#####.####
#.##..# #.# #...†...
#.##..# #.# #.#.####
#.##..# #.###.#.#
#.o@..###.......#
#####.........###
#####..#### #..#
#..# ...# ###.# #.#
#.#


You could see an orc wizard.

Vanquished Creatures
  A bat (D:1)
  A goblin (D:1)
  4 hobgoblins
  2 kobolds (D:1)
  2 frilled lizards (D:1)
  4 rats (D:1)
14 creatures vanquished.

Notes
Turn   | Place    | Note
-------+----------+-------------------------------------------
     0 | D:1      | 4thArraOfDagon the Octopode Ice Elementalist began the quest for the Orb.
     0 | D:1      | Reached XP level 1. HP: 11/11 MP: 3/3
    78 | D:1      | Reached XP level 2. HP: 17/17 MP: 5/5
   332 | D:2      | Killed from afar by an orc wizard

Vault maps used:
D:1:      lemuel_arrival_lava_pool

Action                   || total
-------------------------++-------
Melee: Short sword       ||    31
       Constrict         ||     8
       Tentacles         ||     5
 Cast: Freeze            ||     4
 Stab: Sleeping          ||     7
Armor: Skin              ||     3
Dodge: Dodged            ||    21

Table legend:
 A = Spawn XP
 B = Non-spawn XP
 C = Spawn XP percentage of total XP
 D = Spawn monster count
 E = Non-spawn monster count
 F = Spawn count percentage of total count
 G = Total turns spent on level
                    A         B        C        D         E        F      G
               +---------+---------+-------+---------+---------+-------+---------
         Total |       0 |      22 |   0.0 |       0 |      14 |   0.0 |   332
               +---------+---------+-------+---------+---------+-------+---------
           D:1 |       0 |      20 |   0.0 |       0 |      13 |   0.0 |   287
           D:2 |       0 |       2 |   0.0 |       0 |       1 |   0.0 |    45
               +---------+---------+-------+---------+---------+-------+---------
